AoeStats
← Doak

MegaRandom

506525654Analyzed
4v4 RM · 18d ago on Sep 13, 2026· 34m 57s· 8 players
Game mode
Random Map
Map size
Large (8 player)
Population
200
Speed
Normal
Resources
Standard
Victory
Conquest
Starting age
Dark Age
Ending age
Imperial Age
RankedLock teamsTeams togetherTeam positionsShared explorationLock speedFull tech treeHidden civsTurbo modeCheats
Victory
Defeat
🇦🇷 Mongols · Argentina
1483
+14
🇺🇸 Hindustanis · United States
1469
+15
🇲🇽 Japanese · Mexico
1466
+15
🇲🇽 Khmer · Mexico
1414
+17
🇺🇸 Spanish · United States
1525
-19
🇺🇸 Khitans · United States
1440
-15
🇬🇧 Dravidians · United Kingdom
1411
-14
🇺🇸 Persians · United States
1388
-13
some.spiced.ham
10:40 Feudal Age
11:17 Loom
11:40 Double-Bit Axe
20:18 Forging
28:18 Wheelbarrow
28:40 Gold Mining
31:52 Castle Age
31:47 Pikeman
el_Feist
8:27 Loom
10:39 Feudal Age
16:32 Castle Age
17:12 Forging
20:05 Scale Barding Armor
21:54 Double-Bit Axe
23:44 Chain Barding Armor
28:13 Iron Casting
28:42 Domestication
30:59 Husbandry
Thundernips, The Ultimate Gigolo
10:13 Loom
12:14 Feudal Age
13:42 Wheelbarrow
17:35 Castle Age
Doak
5:57 Loom
11:17 Feudal Age
13:11 Fletching
15:49 Padded Archer Armor
24:16 Castle Age
El Papá
5:27 Loom
9:36 Feudal Age
10:07 Double-Bit Axe
14:12 Fletching
26:49 Horse Collar
33:18 Castle Age
33:55 Padded Archer Armor
33:54 Bodkin Arrow
33:22 Crossbowman
34:21 Bow Saw
treehugger
2:23 Loom
11:12 Feudal Age
11:50 Double-Bit Axe
11:49 Horse Collar
16:07 Scale Barding Armor
17:01 Forging
22:44 Castle Age
21:29 Gold Mining
22:42 Bloodlines
23:54 Bow Saw
24:11 Stone Mining
25:26 Wheelbarrow
31:24 Fletching
34:16 Iron Casting
33:55 Heavy Plow
TheFireKnight
8:24 Loom
10:42 Feudal Age
11:20 Double-Bit Axe
11:19 Horse Collar
16:36 Bloodlines
16:22 Town Watch
19:03 Scale Barding Armor
22:35 Forging
22:45 Gold Mining
26:43 Castle Age
28:05 Chain Barding Armor
29:09 Bow Saw
29:28 Husbandry
32:22 Wheelbarrow
Alexis
6:12 Loom
6:43 Loom
9:18 Feudal Age
17:38 Horse Collar
18:15 Town Watch
18:37 Fletching
24:15 Castle Age
24:57 Bodkin Arrow
Connection lost

Rejoining the realm…

Still unreachable

The connection could not be restored.

Session expired

The server has moved on; the page needs a fresh start.